AoeStats
← chsu25

Socotra

506786458Analyzed
4v4 RM · 18d ago on Sep 15, 2026· 29m 3s· 8 players
Game mode
Random Map
Map size
148×148
Population
200
Speed
Normal
Resources
Standard
Victory
Conquest
Starting age
Dark Age
Ending age
Imperial Age
RankedLock teamsTeams togetherTeam positionsShared explorationLock speedFull tech treeHidden civsTurbo modeCheats
Victory
Defeat
🇷🇺 Vietnamese · Russia
1299
+14
🇦🇷 Franks · Argentina
1285
+14
🇹🇼 Ethiopians · Taiwan
1256
+16
🇹🇼 Persians · Taiwan
1213
+17
🇦🇷 Mongols · Argentina
1299
-17
🇦🇷 Koreans · Argentina
1292
-17
🇨🇴 Khmer · Colombia
1213
-14
🇺🇸 Persians · United States
1192
-13
chsu25
6:35 Loom
9:33 Feudal Age
10:38 Double-Bit Axe
10:34 Horse Collar
12:27 Scale Barding Armor
17:53 Forging
23:00 Castle Age
21:58 Gold Mining
23:58 Bloodlines
24:25 Chain Barding Armor
24:36 Bow Saw
27:03 Wheelbarrow
29:31 Heavy Plow
Lucas
7:28 Loom
10:20 Feudal Age
11:27 Double-Bit Axe
14:34 Fletching
21:44 Castle Age
20:43 Gold Mining
20:57 Padded Archer Armor
21:17 Horse Collar
21:50 Crossbowman
22:28 Bodkin Arrow
111111
10:01 Feudal Age
11:26 Double-Bit Axe
21:16 Castle Age
19:18 Gold Mining
20:07 Scale Barding Armor
19:59 Loom
20:01 Town Watch
21:38 Forging
22:26 Bow Saw
22:18 Husbandry
23:00 Chain Barding Armor
26:05 Light Cavalry
27:52 Iron Casting
impossible
8:00 Loom
12:14 Feudal Age
15:27 Fletching
21:12 Padded Archer Armor
24:38 Castle Age
23:40 Double-Bit Axe
24:46 Crossbowman
25:40 Gold Mining
26:02 Bodkin Arrow
28:05 Thumb Ring
28:25 Leather Archer Armor
29:36 Ballistics
Pikachu
7:56 Loom
10:24 Feudal Age
13:07 Bloodlines
17:00 Castle Age
21:30 Husbandry
23:29 Scale Barding Armor
25:27 Forging
25:40 Chain Barding Armor
27:16 Horse Collar
27:25 Double-Bit Axe
28:24 Forging
TheMarshall
2:22 Loom
11:26 Feudal Age
11:56 Double-Bit Axe
15:04 Fletching
22:48 Castle Age
21:15 Padded Archer Armor
22:50 Crossbowman
23:52 Bodkin Arrow
27:39 Town Watch
28:29 Wheelbarrow
Weafol
2:02 Loom
10:34 Feudal Age
19:13 Double-Bit Axe
21:43 Fletching
27:58 Castle Age
KingCobraCar
7:54 Loom
9:39 Feudal Age
10:39 Double-Bit Axe
11:07 Horse Collar
20:29 Forging
23:19 Castle Age
22:03 Gold Mining
22:38 Bloodlines
22:53 Scale Barding Armor
24:31 Chain Barding Armor
Connection lost

Rejoining the realm…

Still unreachable

The connection could not be restored.

Session expired

The server has moved on; the page needs a fresh start.